 Dungeon Crawl Stone Soup version 0.24-a0-201-gf205589 (webtiles) character file.

Game seed: 12629846601367269254

374 Borgoz the Cutter (level 6, 0/51 HPs)
             Began as a Ghoul Gladiator on Mar 24, 2019.
             Killed from afar by Blork the orc (8 damage)
             ... with a wand of flame (17)
             ... on level 5 of the Dungeon.
             The game lasted 00:06:09 (3500 turns).

Borgoz the Cutter (Ghoul Gladiator)                 Turns: 3500, Time: 00:06:09

Health: 0/51       AC:  7    Str: 18    XL:     6   Next: 72%
Magic:  5/5        EV: 11    Int: 10    God:
Gold:   300        SH:  0    Dex: 10    Spells: 5/5 levels left

rFire    . . .     SeeInvis .   a - +0 rapier
rCold    + . .     Gourm    .   (no shield)
rNeg     + + +     Faith    .   q - +0 scale mail
rPois    ∞         Spirit   .   c - +0 helmet
rElec    .         Reflect  .   (no cloak)
rCorr    .         Harm     .   (no gloves)
MR       .....                  (no boots)
Stlth    +.........             (no amulet)
HPRegen  0.00/turn              p - ring of wizardry (curse)
MPRegen  0.09/turn              (no ring)

@: brilliant, very slightly contaminated, rotting, invisible
A: rotting body, claws 1, carnivore, cold resistance 1, negative energy
resistance 3, inhibited regeneration, torment resistance, unbreathing
a: no special abilities


You were on level 5 of the Dungeon.
You were not hungry.

You visited 1 branch of the dungeon, and saw 5 of its levels.

You collected 300 gold pieces.

Inventory:

Hand Weapons
 a - a +0 rapier (weapon)
Missiles
 d - 3 throwing nets (quivered)
 t - 3 tomahawks
Armour
 c - a +0 helmet (worn)
 q - a +0 scale mail (worn)
Jewellery
 p - a cursed ring of wizardry (left claw)
Scrolls
 e - 2 scrolls of immolation {unknown}
 h - 3 scrolls of identify {unknown}
 i - a scroll of fog {unknown}
 l - a scroll of enchant armour {unknown}
 n - 4 scrolls of remove curse {unknown}
 r - a scroll of random uselessness {unknown}
 s - 2 scrolls of fear {unknown}
 u - a scroll of teleportation {unknown}
Potions
 g - a potion of lignification
 j - 2 potions of ambrosia {unknown}
Comestibles
 b - 3 chunks of flesh
 f - 7 rations


   Skills:
 + Level 3.2 Fighting
 * Level 3.8 Short Blades
 + Level 2.6 Throwing
 * Level 2.2 Armour
 * Level 3.7 Dodging
 * Level 3.2 Stealth


You had 5 spell levels left.
You didn't know any spells.
Your spell library contained the following spells:

 Spells                   Type           Power        Failure   Level  Hunger
 Animate Skeleton         Necr           N/A          13%         1    ##.....
 Apportation              Tloc           #.....       13%         1    ##.....
 Confusing Touch          Hex            #.....       13%         1    ##.....
 Magic Dart               Conj           #...         13%         1    ##.....
 Summon Small Mammal      Summ           #...         13%         1    ##.....
 Blink                    Tloc           N/A          19%         2    ###....
 Call Imp                 Summ           #.......     19%         2    ###....
 Slow                     Hex            #.......     19%         2    ###....
 Conjure Flame            Conj/Fire      #.......     34%         3    ####...
 Mephitic Cloud           Conj/Pois/Air  #.......     34%         3    ####...


Dungeon Overview and Level Annotations

Branches:
Dungeon (5/15)
 Temple: D:4-7

Altars:
Gozag
Nemelex Xobeh
Sif Muna

Annotations:
D:4 2 transporters, Ratty's ghost, amateur MiFi
D:5 Blork the orc


Innate Abilities, Weirdness & Mutations

Your body is rotting away.
You thrive on raw meat.
You are immune to poison.
You have sharp fingernails.
You are carnivorous and can eat meat at any time.
Your flesh is cold resistant. (rC+)
You are immune to negative energy. (rN+++)
You do not regenerate when monsters are visible.
You are immune to unholy pain and torment.
You can survive without breathing.


Message History

Blork the orc looks satisfied for a moment.
The adder barely misses you. Blork the orc closely misses you.
You closely miss Blork the orc.
Blork the orc is lightly wounded.
The adder misses you.
Blork the orc gestures at you while chanting.
The magic dart hits you!
You completely miss Blork the orc.
Blork the orc is lightly wounded.
Blork the orc gestures at you while chanting.
The puff of flame hits you.
* * * LOW HITPOINT WARNING * * *
The adder barely misses you.
Blork the orc zaps a wand.
The puff of flame hits you!
* * * LOW HITPOINT WARNING * * *
Eat one of 4 chunks of flesh? (ye/n/q)
You eat one of the 4 chunks of flesh.
This raw flesh tastes great!
The adder barely misses you.
Blork the orc zaps a wand.
The puff of flame hits you!
You die...

####..)........
#..............
#.............(
#...#..........
#####.#....###.
##.......##
##..hh.....#
####..#S#h....###
.......@oJ......#
...#...##O..%##..
....... #....#
...###.......# ..
#..........# .
#.##......... ...
#....O.%.. ....
#......... .
.......###


You could see Blork the orc, an ogre, an ooze, an adder and 3 jackals.

Vanquished Creatures
  A scorpion (D:4)
  A crimson imp (D:5)
  A hound (D:5)
  3 gnolls
  13 adders
  2 oozes (D:1)
  A worm (D:2)
  4 dart slugs
  5 leopard geckos
  An orc (D:3)
  2 giant cockroaches
  10 goblins
  10 hobgoblins
  18 jackals
  6 kobolds
  2 quokkas
  A ball python (D:3)
  4 bats
  5 frilled lizards
  10 rats
100 creatures vanquished.

Notes
Turn   | Place    | Note
-------+----------+-------------------------------------------
     0 | D:1      | Borgoz the Ghoul Gladiator began the quest for the Orb.
     0 | D:1      | Reached XP level 1. HP: 17/17 MP: 0/0
    48 | D:1      | Reached XP level 2. HP: 24/24 MP: 1/1
   147 | D:1      | Reached skill level 1 in Stealth
   203 | D:1      | Reached XP level 3. HP: 18/29 MP: 2/2
   315 | D:1      | Reached skill level 1 in Armour
   768 | D:2      | Reached XP level 4. HP: 29/37 MP: 3/3
  1023 | D:2      | Found a faded altar of an unknown god.
  1302 | D:2      | Found a sparkling altar of Nemelex Xobeh.
  1477 | D:2      | Reached XP level 5. HP: 35/42 MP: 4/4
  1879 | D:3      | Found a deep blue altar of Sif Muna.
  2392 | D:4      | Noticed Ratty's ghost (amateur MiFi)
  2403 | D:4      | Found a transporter.
  2406 | D:4      | Found a transporter.
  2493 | D:4      | HP: 2/45 [adder (4)]
  2496 | D:4      | Reached XP level 6. HP: 2/51 MP: 5/5
  3080 | D:4      | Found an opulent altar of Gozag.
  3313 | D:5      | Entered Level 5 of the Dungeon
  3476 | D:5      | Noticed Blork the orc
  3500 | D:5      | Killed from afar by Blork the orc

Levels and vault maps discovered:
D:1:      dpeg_arrival_prison, layout_basic, minmay_split_cup_small
D:2:      layout_loops_ring, nemelex_xobeh_ov_fountains_minmay,
          chequers_ecumenical_altar_simple
D:3:      layout_basic, lemuel_round_altar
D:4:      layout_loops_ring, lemuel_doored_altar, gammafunk_ghost_arena
D:5:      layout_rooms, grunt_temple_overflow_diamond,
          minmay_temple_entry_proselytizer, first_ration,
          kennysheep_opposing_triangles, uniq_blork_the_orc, uniq_menkaure

Skill      XL: |  1  2  3  4  5  6 |
---------------+-------------------+-----
Stealth        | 1 2 3 |  3.2
Throwing       | 2 |  2.6
Short Blades   | 3 |  3.8
Dodging        | 3 |  3.7
Armour         | 1 2 |  2.2
Fighting       | 3 |  3.2

Action                   |  1- 3 |  4- 6 || total
-------------------------+-------+-------++-------
Melee: Rapier            |   110 |   459 ||   569
  Use: Potion            |       |     5 ||     5
  Eat: Chunk             |    13 |    25 ||    38
Armor: Leather armour    |    26 |       ||    26
       Scale mail        |     7 |   225 ||   232
Dodge: Dodged            |    84 |   299 ||   383

Table legend:
 A = Non-vault XP
 B = Vault XP
 C = Vault XP percentage of total XP
 D = Non-vault monster count
 E = Vault monster count
 F = Vault count percentage of total count
                 A         B        C        D         E       F
            +---------+---------+-------+---------+---------+-------
      Total |     527 |       8 |   1.5 |      96 |       4 |   4.0
            +---------+---------+-------+---------+---------+-------
        D:1 |      56 |       8 |  12.5 |      25 |       4 |  13.8
        D:2 |     104 |       0 |   0.0 |      24 |       0 |   0.0
        D:3 |      84 |       0 |   0.0 |      21 |       0 |   0.0
        D:4 |     169 |       0 |   0.0 |      18 |       0 |   0.0
        D:5 |     114 |       0 |   0.0 |       8 |       0 |   0.0
            +---------+---------+-------+---------+---------+-------
